 Dungeon Crawl Stone Soup version 0.28.0-53-g5a82cb258f (webtiles) character file.

Game seed: 3960829140442194596

13376 issech the Cleaver (level 11, 0/89 HPs)
             Began as a Minotaur Monk on May 31, 2022.
             Was an Elder of Hepliaklqana.
             Slain by a vampire mosquito (8 damage)
             ... summoned by an orange crystal statue
             ... on level 11 of the Dungeon.
             The game lasted 00:44:09 (12793 turns).

issech the Cleaver (Minotaur Monk)                 Turns: 12793, Time: 00:44:10

Health: 0/89       AC: 28    Str: 16    XL:     11   Next: 74%
Magic:  0/10       EV:  4    Int:  7    God:    Hepliaklqana [****..]
Gold:   1090       SH:  0    Dex: 17    Spells: 10/10 levels left

rFire   + + .      SeeInvis .   U - +1 flail (protect)
rCold   + . .      Faith    .   (no shield)
rNeg    . . .      Spirit   .   h - +0 crystal plate armour
rPois   +          Reflect  .   (helmet restricted)
rElec   .          Harm     .   G - scarf {rC+ rF+}
rCorr   .          Rampage  .   (no gloves)
Will    .....                   (no boots)
Stlth   ..........              M - amulet of regeneration
HPRegen 1.04/turn               g - ring of poison resistance
MPRegen 0.12/turn               k - ring of protection from fire

@: confused, under a protective aura
A: reduced essence, horns 2, retaliatory headbutt
a: Renounce Religion, Recall Ancestor, Ancestor Identity, Transference, Idealise


You were on level 11 of the Dungeon.
You worshipped Hepliaklqana.
Hepliaklqana was greatly pleased with you.
You visited 2 branches of the dungeon, and saw 12 of its levels.

You collected 1138 gold pieces.
You spent 48 gold pieces at shops.

Inventory:

Hand Weapons
 A - a +2 hand axe of distortion
 J - a +1 vorpal war axe
 R - a +4 long sword
 S - a +0 shortbow
 U - a +1 flail of protection (weapon)
 W - a +0 hand crossbow
 Y - a +5 scimitar
 Z - a +4 hand axe
Missiles
 b - 47 sling bullets
 f - 264 stones
 o - 55 bolts
 r - 2 boomerangs (quivered)
 s - 29 poisoned darts
 v - 194 arrows
 y - 3 curare-tipped darts
 D - 3 throwing nets
Armour
 h - a +0 crystal plate armour (worn)
 w - the +1 ring mail "Paruor" {rPois MP-9 Int+3}
   (You found it on level 8 of the Dungeon)

   Int:       It affects your intelligence (+3).
   rPois:     It protects you from poison.
   MP:        It affects your magic capacity (-9).
 G - a scarf of resistance (worn)
 O - a +2 robe of willpower
Jewellery
 g - a ring of poison resistance (left hand)
 k - a ring of protection from fire (right hand)
 E - a ring of wizardry
 M - an amulet of regeneration (around neck)
 P - a ring of ice
Wands
 l - a wand of iceblast (19)
 n - a wand of flame (21)
 p - a wand of digging (8)
 F - a wand of charming (7)
 V - a wand of polymorph (18)
Scrolls
 c - 6 scrolls of teleportation
 i - 3 scrolls of magic mapping
 j - a scroll of fog
 q - 3 scrolls of brand weapon
 B - a scroll of fear
 I - 2 scrolls of blinking
 K - a scroll of summoning
 N - a scroll of holy word
 T - a scroll of torment
Potions
 a - a potion of haste
 d - 5 potions of mutation {unknown}
 e - 3 potions of heal wounds {unknown}
 m - 4 potions of attraction {unknown}
 t - 2 potions of might
 u - 5 potions of ambrosia {unknown}
 x - a potion of invisibility
 z - a potion of brilliance {unknown}
 C - 3 potions of curing
 H - a potion of magic {unknown}
 L - a potion of flight {unknown}
 Q - a potion of lignification {unknown}
 X - a potion of berserk rage


   Skills:
 + Level 10.0 Fighting
 + Level 14.2(14.5) Axes
 + Level 5.2(10.6) Maces & Flails
 + Level 1.4 Throwing
 + Level 12.3 Armour
 + Level 5.9 Dodging
 + Level 4.2 Stealth


You had 10 spell levels left.
You didn't know any spells.
Your spell library contained the following spells:

 Spells                   Type           Power      Damage    Failure   Level
 Animate Skeleton         Necr           0%         N/A       100%        1
 Magic Dart               Conj           0%         1d3       100%        1
 Pain                     Necr           0%         1d4       100%        1
 Slow                     Hex            0%         N/A       100%        1
 Summon Small Mammal      Summ           0%         N/A       100%        1
 Searing Ray              Conj           0%         2d4       100%        2
 Call Canine Familiar     Summ           0%         N/A       100%        3
 Confusing Touch          Hex            0%         N/A       100%        3
 Summon Guardian Golem    Hex/Summ       0%         N/A       100%        3
 Vampiric Draining        Necr           0%         2d6       100%        3
 Fulminant Prism          Conj/Hex       0%         3d6       100%        4
 Summon Lightning Spire   Summ/Air       0%         N/A       100%        4
 Orb of Destruction       Conj           0%         9d5       100%        7
 Spellforged Servitor     Conj/Summ      0%         N/A       100%        7
 Storm Form               Tmut/Air       0%         N/A       100%        7
 Maxwell's Capacitive Co  Air            0%         ∞         100%        8


Dungeon Overview and Level Annotations

Branches:
Dungeon (11/15)            Temple (1/1) D:5            Lair (0/6) D:8
    Orc (0/2) D:9

Altars:
Ashenzari
Cheibriados
Dithmenos
Elyvilon
Fedhas
Gozag
Hepliaklqana
Kikubaaqudgha
Makhleb
Nemelex Xobeh
Okawaru
Qazlal
Ru
Sif Muna
Trog
Uskayaw
Vehumet
Wu Jian
Xom
Yredelemnul
Zin
The Shining One

Shops:
D:5 :*   D:6 *   D:9 *

Annotations:
D:3 2 transporters, Zeld's ghost, amateur DECj
D:11 2 runed translucent doors, exclusion: orange crystal statue


Innate Abilities, Weirdness & Mutations

Your life essence is reduced to manifest your ancestor. (-10% HP)
You have a pair of horns on your head.
You reflexively headbutt those who attack you in melee.


Message History

The troll claws you.
* * * LOW HITPOINT WARNING * * *
You feel less confused.
The vampire mosquito bites you but does no damage. x2
The vampire mosquito bites you.
* * * LOW HITPOINT WARNING * * *
The vampire mosquito draws strength from your injuries! Æðelind is no longer moving slowly.
The vampire mosquito barely misses you.
The orange crystal statue glitters.
You are confused. Æðelind appears confused. Æðelind hits you with a +0 quarterstaff!
* * * LOW HITPOINT WARNING * * *
The vampire mosquito bites you.
* * * LOW HITPOINT WARNING * * *
The vampire mosquito draws strength from your injuries!
There is an open translucent door here.
You bump into the crystal wall.
The vampire mosquito bites you but does no damage.
The vampire mosquito bites you.
* * * LOW HITPOINT WARNING * * *
The vampire mosquito draws strength from your injuries!
The vampire mosquito bites you but does no damage.
The orange crystal statue fixes its piercing gaze on you.
You feel your power leaking away. The vampire mosquito bites you.
* * * LOW HITPOINT WARNING * * *
The vampire mosquito draws strength from your injuries!
You sock the vampire mosquito!
Your weapon exudes an aura of protection.
The vampire mosquito is severely damaged.
The vampire mosquito completely misses you.
The vampire mosquito closely misses you.
The vampire mosquito barely misses you. The vampire mosquito bites you.
* * * LOW HITPOINT WARNING * * *
The vampire mosquito draws strength from your injuries!
You feel yourself speed up. The vampire mosquito bites you!
You die...

#.....# ###........ #.....#
#...).... ##.....#
####...).... #.....##
#......))>..
#.##.#####........##'
#.##.....#........##.
##########....#'#.[........##.
#......##...###.###........##.
#......##.###@yy.R###......##.
#......#..#...#y#...#......+..
#..<.....##.###.###.##.....###
#........#..#ZyZT.#.)#.....#
#.......##.##..Y..##.##....#
#######.'..+..)8)..+..+.####
#.##.##..?..##.##.#
....#..#.....#..# #
#.#..##.###.###.##


You could see the friendly Æðelind the battlemage (confused) and 3 vampire
mosquitoes.

Vanquished Creatures
  Erolcha (D:9)
  2 two-headed ogres (D:11)
  A centaur warrior (D:10)
  A deep elf pyromancer (D:8)
  Pikel (D:8)
  5 yaks
  Eustachio (D:5)
  A steam dragon (D:9)
  An acid dragon (D:9)
  Duvessa (D:4)
  4 water moccasins
  A sky beast (D:7)
  An ice beast (D:7)
  A swamp drake (D:9)
  3 black bears
  2 orc warriors (D:9)
  A necrophage (D:9)
  2 ogres (D:4)
  2 lemures (D:8)
  3 centaurs
  3 kobold brigands
  3 bullfrogs
  A water moccasin zombie (D:5)
  A killer bee (D:10)
  5 wights
  2 electric eels (D:7)
  A howler monkey (D:4)
  3 centaur zombies
  A human zombie (D:9)
  A bullfrog zombie (D:5)
  3 orc priests
  2 gnoll shamans (D:6)
  2 hounds
  2 jellies (D:6)
  A bullfrog skeleton (D:4)
  A centaur skeleton (D:7)
  2 iguanas (D:7)
  Ijyb (D:5)
  7 orc wizards
  A hound zombie (D:5)
  3 howler monkey zombies (D:9)
  9 adders
  3 gnolls
  A howler monkey skeleton (D:5)
  2 white imps
  2 worms (D:3)
  2 dart slugs
  24 orcs
  5 ball pythons
  6 endoplasms
  2 giant cockroaches
  9 hobgoblins
  2 jackals (D:2)
  4 quokkas
  6 bats
  7 frilled lizards
  5 goblins
  25 kobolds
  4 rats
199 creatures vanquished.

Vanquished Creatures (collateral kills)
  A two-headed ogre (D:10)
  A deep elf pyromancer (D:8)
  2 unseen horrors (D:11)
  A troll (D:9)
  4 yaks
  2 acid dragons
  2 water moccasins (D:8)
  6 orc warriors
  2 sky beasts (D:7)
  A necrophage (D:6)
  2 ogres
  2 centaurs (D:7)
  2 lemures (D:8)
  A kobold brigand (D:8)
  2 bullfrogs
  A gnoll sergeant (D:10)
  A scorpion (D:8)
  Dowan (D:4)
  3 killer bees (D:10)
  4 wights
  2 electric eels (D:7)
  A howler monkey (D:11)
  A lava snake (D:9)
  4 centaur zombies
  A jelly (D:7)
  A bullfrog zombie (D:6)
  An orc priest (D:7)
  2 iguanas (D:7)
  6 orc wizards
  3 gnolls
  2 howler monkey zombies
  A white imp (D:7)
  10 orcs
  2 kobolds (D:6)
78 creatures vanquished.

Vanquished Creatures (others)
  3 battlemagi
  38 fungi (D:8)
  44 plants
85 creatures vanquished.

Grand Total: 362 creatures vanquished

Notes
Turn   | Place    | Note
-------+----------+-------------------------------------------
     0 | D:1      | issech the Minotaur Monk began the quest for the Orb.
     0 | D:1      | Reached XP level 1. HP: 19/19 MP: 0/0
   202 | D:1      | Reached XP level 2. HP: 11/27 MP: 1/1
   748 | D:1      | Reached skill level 4 in Axes
   864 | D:2      | Reached XP level 3. HP: 31/33 MP: 2/2
   888 | D:2      | Found a faded altar of an unknown god.
  1583 | D:3      | Reached XP level 4. HP: 40/40 MP: 3/3
  1901 | D:3      | Reached skill level 1 in Armour
  1948 | D:3      | Found a transporter.
  1949 | D:3      | Noticed an ice beast
  1953 | D:3      | Noticed Zeld's ghost (amateur DECj)
  1957 | D:3      | Found a transporter.
  1969 | D:3      | Found a shadowy altar of Dithmenos.
  2616 | D:4      | Reached skill level 5 in Axes
  2635 | D:4      | Reached XP level 5. HP: 47/47 MP: 4/4
  2800 | D:4      | Noticed an ogre
  2805 | D:4      | Killed an ogre
  2867 | D:4      | Reached XP level 6. HP: 44/53 MP: 5/5
  3403 | D:4      | Reached skill level 6 in Axes
  3563 | D:4      | Noticed Duvessa
  3563 | D:4      | Noticed Dowan
  3613 | D:4      | Killed Duvessa
  3614 | D:4      | Reached XP level 7. HP: 32/60 MP: 6/6
  3811 | D:5      | Entered Level 5 of the Dungeon
  3940 | D:5      | Found a staircase to the Ecumenical Temple.
  3942 | D:5      | Noticed Eustachio
  4177 | D:5      | Noticed Ijyb
  4181 | D:5      | Killed Ijyb
  4220 | D:5      | Killed Eustachio
  4221 | D:5      | Reached skill level 5 in Fighting
  4221 | D:5      | Reached skill level 7 in Axes
  4221 | D:5      | Reached skill level 5 in Armour
  4470 | Temple   | Entered the Ecumenical Temple
  4529 | Temple   | Became a worshipper of Hepliaklqana the Forgotten
  4529 | Temple   | Reached * piety under Hepliaklqana
  4529 | Temple   | Reached ** piety under Hepliaklqana
  4530 | Temple   | Remembered your ancestor Æðelind as a battlemage
  4638 | D:5      | Reached skill level 5 in Dodging
  4638 | D:5      | Reached XP level 8. HP: 61/61 MP: 7/7
  4858 | D:5      | Found Cesoj's Overcharged Wands.
  4975 | D:5      | Reached skill level 8 in Axes
  5158 | D:5      | Found Muavont's Book Shop.
  5218 | D:4      | Killed Dowan
  5431 | D:6      | Reached skill level 9 in Axes
  5831 | D:6      | Found Xoafoip's Serpentskin Sales.
  6044 | D:6      | Reached XP level 9. HP: 67/67 MP: 8/8
  6264 | D:6      | Reached *** piety under Hepliaklqana
  6571 | D:7      | Reached skill level 10 in Axes
  7688 | D:7      | HP: 3/70 [howler monkey zombie (3)]
  8649 | D:7      | Reached skill level 11 in Axes
  9134 | D:7      | Reached skill level 1 in Throwing
  9134 | D:7      | Reached XP level 10. HP: 70/77 MP: 9/9
  9374 | D:8      | Noticed a deep elf pyromancer
  9383 | D:8      | Killed a deep elf pyromancer
  9456 | D:8      | Reached skill level 10 in Armour
  9482 | D:8      | Noticed Pikel
  9486 | D:8      | Found a staircase to the Lair.
  9491 | D:8      | Killed Pikel
  9499 | D:8      | Reached skill level 12 in Axes
  9735 | D:8      | Identified the +1 ring mail "Paruor" {rPois MP-9 Int+3}
  9865 | D:8      | Noticed a deep elf pyromancer
  9875 | D:8      | Killed a deep elf pyromancer
 10155 | D:10     | Entered Level 10 of the Dungeon
 10251 | D:9      | Reached **** piety under Hepliaklqana
 10335 | D:9      | Found Sotosuc's Assorted Antiques.
 10456 | D:9      | Reached skill level 13 in Axes
 10520 | D:9      | Found a staircase to the Orcish Mines.
 10757 | D:9      | Reached XP level 11. HP: 87/87 MP: 10/10
 10817 | D:9      | Found a basalt altar of Yredelemnul.
 11101 | D:9      | Noticed Erolcha
 11110 | D:9      | Killed Erolcha
 11202 | D:9      | Bought a scroll of identify for 48 gold pieces
 11441 | D:10     | Noticed a centaur warrior
 11458 | D:10     | Killed a centaur warrior
 11459 | D:10     | Reached skill level 14 in Axes
 11459 | D:10     | Reached skill level 1 in Maces & Flails
 11504 | D:10     | Noticed a two-headed ogre
 11510 | D:10     | Killed a two-headed ogre
 11724 | D:10     | Found an opulent altar of Gozag.
 11724 | D:10     | You fall into a shaft and drop 1 floor!
 11724 | D:11     | Found a runed translucent door.
 12064 | D:10     | Found a sacrificial altar of Ru.
 12262 | D:11     | Found a runed translucent door.
 12272 | D:11     | Found a runed translucent door.
 12325 | D:11     | Noticed a two-headed ogre
 12330 | D:11     | Killed a two-headed ogre
 12688 | D:11     | Noticed an orange crystal statue
 12697 | D:11     | Found a runed translucent door.
 12709 | D:11     | Noticed a two-headed ogre
 12717 | D:11     | Killed a two-headed ogre
 12718 | D:11     | Reached skill level 10 in Fighting
 12718 | D:11     | Reached skill level 5 in Maces & Flails
 12793 | D:11     | Slain by a vampire mosquito

Illustrated notes

Levels and vault maps discovered:
D:1:      dpeg_arrival_rhombus, layout_rooms, chequers_avenue,
          skrybe_limestone_x
D:2:      layout_rooms, basic_ecumenical_altar
D:3:      layout_loops_ring, nicolae_dithmenos_shadow_blocks,
          gammafunk_ghost_arena, hangedman_decor_clover_reticule,
          grunt_decor_mini_mirrors, nicolae_concentric_dashed_squares_wild,
          st_stairs_13
D:4:      layout_rooms, uniq_duvessa
D:5:      layout_basic, minmay_temple_entry_glass, serial_shops, shop,
          nicolae_shop_overcharged_wands, uniq_ijyb, uniq_eustachio
D:6:      minmay_general_purpose_star, layout_basic, guppyfry_shop_venom
D:7:      minmay_polygon_palace, layout_basic, kennysheep_path_1,
          serial_bayou_lake_a
D:8:      layout_basic, due_lair_maze_entry_diamond, uniq_pikel
D:9:      layout_roguey, lemuel_mausoleum_altar_yredelemnul, erik_orc_1,
          nicolae_inconvenience_store, uniq_erolcha
D:10:     layout_roguey, minitemple
D:11:     layout_basic, minmay_statue_crystal_thing
Temple:   mainiacjoe_temple_coin_purse

Skill      XL: |  1  2  3  4  5  6  7  8  9 10 11 |
---------------+----------------------------------+-----
Fighting       | 4 5 6 7 9 10 | 10.0
Axes           | 4 5 6 7 9 11 13 14 | 14.2
Dodging        | 4 5 |  5.9
Stealth        | 2 3 4 |  4.2
Armour         | 1 2 4 5 7 9 11 12 | 12.3
Throwing       | 1 |  1.4
Maces & Flails | 5 |  5.2

Action                   |  1- 3 |  4- 6 |  7- 9 | 10-12 || total
-------------------------+-------+-------+-------+-------++-------
Melee: Hand axe          |    91 |    51 |       |       ||   142
       Headbutt          |    18 |    24 |    31 |    74 ||   147
       Punch             |     1 |       |     2 |     6 ||     9
       War axe           |       |    37 |   209 |   169 ||   415
       Flail             |       |       |       |   122 ||   122
Throw: Stone             |       |     4 |     3 |     1 ||     8
       Boomerang         |       |       |     3 |     2 ||     5
Invok: Ancestor Life: Ba |       |       |     1 |       ||     1
  Use: Scroll            |       |       |       |    14 ||    14
 Stab: Sleeping          |     2 |     3 |       |       ||     5
       Distracted        |       |       |       |     8 ||     8
Armor: Robe              |     4 |       |       |       ||     4
       Leather armour    |    23 |    12 |       |       ||    35
       Scale mail        |       |     5 |    82 |       ||    87
       Ring mail         |       |     2 |       |       ||     2
       Chain mail        |       |       |    33 |    16 ||    49
       Crystal plate arm |       |       |       |   289 ||   289
Dodge: Dodged            |    79 |    45 |   140 |    88 ||   352
